 Dungeon Crawl Stone Soup version 0.29-a0-297-g7659ce593d (webtiles) character file.

Game seed: 11972591312531687444

49 kae the Firebug (level 3, 0/20 HPs)
             Began as a Tengu Fire Elementalist on Mar 21, 2022.
             Succumbed to an adder's poison
             ... on level 2 of the Dungeon.
             The game lasted 00:00:50 (1501 turns).

kae the Firebug (Tengu Fire Elementalist)           Turns: 1501, Time: 00:00:50

Health: 0/20       AC:  2    Str:  8    XL:     3   Next: 75%
Magic:  3/7        EV: 12    Int: 17    God:
Gold:   100        SH:  0    Dex: 14    Spells: 0/6 levels left

rFire   . . .      SeeInvis .   e - +0 short sword
rCold   . . .      Faith    .   (no shield)
rNeg    . . .      Spirit   .   a - +0 robe
rPois   .          Reflect  .   (helmet restricted)
rElec   .          Harm     .   (no cloak)
rCorr   +          Rampage  .   (no gloves)
Will    .....                   (boots unavailable)
Stlth   ++........              (no amulet)
HPRegen 0.06/turn               d - ring of resist corrosion
MPRegen 0.10/turn               (no ring)

@: lethally poisoned (0 -> -2), very slightly contaminated
A: beak, talons 3
a: no special abilities


You were on level 2 of the Dungeon.
You visited 1 branch of the dungeon, and saw 2 of its levels.

You collected 100 gold pieces.

Inventory:

Hand Weapons
 e - a +0 short sword (weapon)
Armour
 a - a +0 robe (worn)
Jewellery
 d - a ring of resist corrosion (left hand)
Scrolls
 f - a scroll of blinking {unknown}
 g - a scroll of noise {unknown}
Potions
 b - a potion of magic


   Skills:
 + Level 1.2 Fighting
 - Level 2.1 Dodging
 - Level 2.0 Stealth
 + Level 2.4 Spellcasting
 + Level 2.3 Conjurations
 * Level 4.0 Fire Magic


You couldn't memorise any spells.
You knew the following spells:

 Your Spells              Type           Power      Damage    Failure   Level
a - Foxfire               Conj/Fire      52%        2x1d6     4%          1
b - Scorch                Fire           30%        2d7       5%          2
c - Conjure Flame         Conj/Fire      13%        6-21      16%         3

Your spell library contained the following spells:

 Spells                   Type           Power      Damage    Failure   Level
 Inner Flame              Hex/Fire       8%         N/A       24%         3
 Flame Wave               Conj/Fire      13%        2d6       45%         4


Dungeon Overview and Level Annotations

Branches:
Dungeon (2/15)

Altars:
Nemelex Xobeh


Innate Abilities, Weirdness & Mutations

You have a beak for a mouth.
You have claws for feet.


Message History

You are more poisoned.
The adder poisons you!
You hit the adder but do no damage.
The adder is almost dead.
You feel sick. The adder misses you. The adder bites you.
You are lethally poisoned!
The adder poisons you!
You are too injured to fight recklessly!
Casting: Foxfire (safe; 4% risk of failure)
Confirm with . or Enter, or press ? or * to list all spells.
There is not enough space to conjure foxfire!
Casting: Foxfire (safe; 4% risk of failure)
Confirm with . or Enter, or press ? or * to list all spells.
There is not enough space to conjure foxfire!
Your foxfire dissipates!
You feel sick.
Casting: Foxfire (safe; 4% risk of failure)
Confirm with . or Enter, or press ? or * to list all spells.
You conjure some foxfire!
* * * LOW HITPOINT WARNING * * *
You feel sick. The adder misses you.
* * * LOW HITPOINT WARNING * * *
You feel sick. The adder barely misses you. The adder closely misses you.
Your foxfire dissipates!
The adder attacks as you move away! The adder bites you but does no damage.
* * * LOW HITPOINT WARNING * * *
You feel sick.
* * * LOW HITPOINT WARNING * * *
You feel sick.
It was a potion of cancellation.
You feel magically purged.
* * * LOW HITPOINT WARNING * * *
You feel sick. The adder bites you.
* * * LOW HITPOINT WARNING * * *
The adder closely misses you.
Casting: Foxfire (safe; 4% risk of failure)
Confirm with . or Enter, or press ? or * to list all spells.
You miscast Foxfire.
You are very lightly contaminated with residual magic.
Nothing appears to happen.
You die...

#### ..# # #.# ##### #.
.######.###...##### #..
..................# ...
.######.#######.#.# >##..
#.# #.#.# ......########.#
#.#.## .........S@....#
..#.....
.##########....##..........
########.##.###...#.####
..†......##.####.##.# #
###########.........# #
.........######### #
.######### # # #


You could see an adder.

Vanquished Creatures
  An adder (D:2)
  A worm (D:1)
  A dart slug (D:2)
  7 ball pythons
  3 bats
  4 giant cockroaches
  2 goblins (D:1)
  3 hobgoblins
  2 kobolds (D:1)
  2 quokkas
  A frilled lizard (D:1)
  7 rats
34 creatures vanquished.

Vanquished Creatures (others)
  109 foxfires
  A plant (D:1)
110 creatures vanquished.

Grand Total: 144 creatures vanquished

Notes
Turn   | Place    | Note
-------+----------+-------------------------------------------
     0 | D:1      | kae the Tengu Fire Elementalist began the quest for the
                  | Orb.
     0 | D:1      | Reached XP level 1. HP: 10/10 MP: 4/4
   126 | D:1      | Found a faded altar of an unknown god.
   242 | D:1      | Reached XP level 2. HP: 16/16 MP: 1/6
  1125 | D:1      | Reached XP level 3. HP: 19/20 MP: 5/7
  1128 | D:1      | Learned a level 2 spell: Scorch
  1132 | D:1      | Learned a level 3 spell: Conjure Flame
  1147 | D:2      | Reached skill level 1 in Fighting
  1212 | D:2      | Found a sparkling altar of Nemelex Xobeh.
  1404 | D:2      | Reached skill level 4 in Fire Magic
  1500 | D:2      | HP: 1/20 [adder (1)]
  1501 | D:2      | Succumbed to an adder's poison

Illustrated notes

Levels and vault maps discovered:
D:1:      scummos_arrival_simple_crosswalls, layout_basic,
          shapermc_ecumenical_altar_totnotflames, wad_woods_river_04,
          st_stairs_7
D:2:      layout_loops_ring, basic_altar, grunt_ministairs_9

Skill      XL: |  1  2  3 |
---------------+----------+-----
Conjurations   | 2 |  2.3
Fighting       | 1 |  1.2
Fire Magic     | 4 |  4.0
Dodging        | |  2.1
Stealth        | |  2.0
Spellcasting   | |  2.4

Action                   || total
-------------------------++-------
Melee: Short sword       ||     8
       Kick              ||     2
       Peck              ||     2
 Cast: Foxfire           ||    62
  Use: Scroll            ||     1
       Potion            ||     1
Armor: Robe              ||     3
Dodge: Dodged            ||    23

Table legend: (Time is in decaauts)
 A = Elapsed time spent in this place.
 B = Non-inter-level travel time spent in this place.
 C = Inter-level travel time spent in this place.
 D = Time resting spent in this place.
 E = Time spent auto-exploring this place.
 F = Levels seen in this place.
 G = Mean time per level.
                   A        B        C        D        E       F      G
               +--------+--------+--------+--------+--------+-----+--------+
         Total |   1521 |   1492 |     29 |     56 |   1219 |   2 |  760.5 |
       Dungeon |   1521 |   1492 |     29 |     56 |   1219 |   2 |  760.5 |
               +--------+--------+--------+--------+--------+-----+--------+

Top non-repeatable levels by time:
     D:1: 1208 daAuts
     D:2: 312 daAuts
